 Dungeon Crawl Stone Soup version 0.31-a0-868-g674d60d6f7 (webtiles) character file.

Game seed: 4591653206750772856

364 tilp the Sneak (level 6, 0/46 HPs)
             Began as a Vampire Enchanter on Oct 11, 2023.
             Slain by a gnoll sergeant
             ... wielding a +0 spear
              (6 damage)
             ... on level 4 of the Dungeon.
             The game lasted 00:06:30 (3365 turns).

tilp the Sneak (Vampire Enchanter)                  Turns: 3365, Time: 00:06:30

Health: 0/46       AC:  6    Str:  7    XL:     6   Next: 39%
Magic:  1/10       EV: 12    Int: 19    God:
Gold:   51         SH:  4    Dex: 15    Spells: 5/10 levels left

rFire   . . .        a - +2 dagger
rCold   . . .        p - +0 buckler
rNeg    . . .        c - +0 robe
rPois   .            (no helmet)
rElec   .            k - +0 cloak
rCorr   .            l - +2 pair of gloves
SInv    +            (no boots)
Will    .....        (no amulet)
Stlth   +++          (no ring)
HPRegen 0.47/turn    (no ring)
MPRegen 0.12/turn

%: no passive effects
@: very slightly contaminated, healing quickly
A: alive, fangs 3, see invisible, vampiric 2
a: Exsanguinate


You were on level 4 of the Dungeon.
You visited 1 branch of the dungeon, and saw 4 of its levels.

You collected 149 gold pieces.
You spent 98 gold pieces at shops.

Inventory:

Hand Weapons
 a - a +2 dagger (weapon)
 b - a +1 short sword of draining
Missiles
 i - 11 boomerangs
 j - 9 poisoned darts (quivered)
Armour
 c - a +0 robe (worn)
 k - a +0 cloak (worn)
 l - a +2 pair of gloves (worn)
 p - a +0 buckler (worn)
Scrolls
 d - a scroll of revelation
 m - 2 scrolls of teleportation
 q - 2 scrolls of noise
Potions
 e - a potion of enlightenment
 g - a potion of mutation
 h - 4 potions of curing
 n - a potion of resistance {unknown}


   Skills:
 * Level 2.7 Fighting
 * Level 3.6 Short Blades
 + Level 3.4 Dodging
 + Level 5.7 Stealth
 + Level 2.8 Spellcasting
 + Level 5.4 Hexes


You had 5 spell levels left.
You knew the following spells:

 Your Spells              Type           Power      Damage    Failure   Level
a - Ensorcelled Hibernat  Hex/Ice        24%        N/A       13%         2
b - Confusing Touch       Hex            23%        N/A       9%          3

Your spell library contained the following spells:

 Spells                   Type           Power      Damage    Failure   Level
 Slow                     Hex            92%        N/A       2%          1
 Sigil of Binding         Hex            23%        N/A       9%          3
 Tukima's Dance           Hex            23%        N/A       9%          3
 Summon Small Mammal      Summ           8%         N/A       26%         1
 Dazzling Flash           Conj/Hex       24%        N/A       26%         3
 Summon Guardian Golem    Hex/Summ       12%        N/A       26%         3
 Call Canine Familiar     Summ           2%         N/A       61%         3
 Vampiric Draining        Necr           2%         2d6       61%         3
 Yara's Violent Unravell  Hex/Tmut       6%         3d5       93%         5
 Passage of Golubria      Tloc           2%         N/A       95%         4


Dungeon Overview and Level Annotations

Branches:
Dungeon (4/15)
 Temple: D:4-7

Altars:
Qazlal

Shops:
D:1 **[!   D:2 =   D:4 !

Annotations:
D:4 Dowan, Duvessa


Innate Abilities, Weirdness & Mutations

Your natural rate of healing is accelerated.
You have razor-sharp teeth.
You have supernaturally acute eyesight. (SInv)
You are afflicted with vampirism and can become a bat while bloodless.


Message History

The gnoll hits you from afar with a +0 spear.
Unknown command.
Casting: Ensorcelled Hibernation (safe; 13% risk of failure)
Confirm with . or Enter, or press ? or * to list all spells.
Aiming: Ensorcelled Hibernation (safe; 13% risk of failure)
Press: ? - help, Shift-Dir - straight line, f/p - gnoll
Aim: a gnoll, wielding a +0 spear (chance to affect: 54%)
You miscast Ensorcelled Hibernation.
You are very lightly contaminated with residual magic.
Nothing appears to happen.
The gnoll closely misses you.
Casting: Ensorcelled Hibernation (safe; 13% risk of failure)
Confirm with . or Enter, or press ? or * to list all spells.
Aiming: Ensorcelled Hibernation (safe; 13% risk of failure)
Press: ? - help, Shift-Dir - straight line, f/p - gnoll
Aim: a gnoll, wielding a +0 spear (chance to affect: 54%)
The gnoll looks drowsy...
Unknown command.
Things that are here:
a ball python corpse; an adder corpse The helpless gnoll fails to defend itself.
You impale the gnoll!!
You kill the gnoll!
Unknown command.
You hit the gnoll but do no damage. The gnoll hits you with a +0 flail.
The gnoll sergeant hits you from afar with a +0 spear!
You hit the gnoll. You bite the gnoll, but do no damage.
The gnoll is lightly wounded.
You block the gnoll's attack.
The gnoll sergeant hits you from afar with a +0 spear.
* * * LOW HITPOINT WARNING * * *
The gnoll shouts!
You hit the gnoll. Your bite misses the gnoll.
The gnoll is heavily wounded.
The gnoll hits you with a +0 flail.
* * * LOW HITPOINT WARNING * * *
The gnoll sergeant hits you from afar with a +0 spear!
* * * LOW HITPOINT WARNING * * *
The gnoll sergeant attacks as it pursues you!
The gnoll sergeant hits you from afar with a +0 spear.
You die...

.............>.#.# .∩...#######
#.........<##.# . ...........#
#..........##.# .. ..........#
#..........##.#
..####........#.#.#+#+#+##.##.#
.....#........#.#.#.# #.##.#
.....#........#.....# #.##.#
.....#.......g###.########..
............g.gg@..........#
.gg..........####.#####..
.............####'#####+
.........#...#...........
........##...............
........##...............
........#................
#########...............#
#...#...........#


You could see a gnoll sergeant, 2 gnolls and a hobgoblin.

Vanquished Creatures
  Sigmund (D:2)
  Crazy Yiuf (D:2)
  Terence (D:3)
  5 gnolls
  4 adders
  2 worms (D:2)
  A dart slug (D:3)
  An orc (D:3)
  8 ball pythons
  3 endoplasms
  4 hobgoblins
  8 jackals
  5 quokkas
  A bat (D:2)
  2 frilled lizards
  6 goblins
  6 kobolds
  3 rats (D:1)
62 creatures vanquished.

Notes
Turn   | Place    | Note
-------+----------+-------------------------------------------
     0 | D:1      | tilp the Vampire Enchanter began the quest for the Orb.
     0 | D:1      | Reached XP level 1. HP: 13/13 MP: 3/3
   147 | D:1      | Found Foiheoxo's Distillery.
   250 | D:1      | Bought a potion of curing for 39 gold pieces
   289 | D:1      | Found Taisoy's Antique Armour Emporium.
   315 | D:1      | Reached XP level 2. HP: 19/20 MP: 5/5
   345 | D:1      | Learned a level 2 spell: Ensorcelled Hibernation
   574 | D:1      | Reached skill level 1 in Fighting
   858 | D:1      | Found Ofran's General Store.
   872 | D:1      | Bought a scroll of identify for 26 gold pieces
   875 | D:1      | Found Zerif's General Store.
   903 | D:1      | Gained mutation: You are afflicted with vampirism and can
                  | become a bat while bloodless. [Vampire growth]
   903 | D:1      | Reached XP level 3. HP: 19/26 MP: 3/6
   945 | D:1      | Learned a level 3 spell: Confusing Touch
  1247 | D:2      | Found Oqeguew's Jewellery Boutique.
  1250 | D:2      | Noticed Sigmund
  1262 | D:2      | HP: 1/26 [Sigmund/+0 scythe (8)]
  1268 | D:2      | HP: 1/26 [Sigmund/magic dart (3)]
  1358 | D:1      | Bought a scroll of teleportation for 33 gold pieces
  1375 | D:2      | Found a stormy altar of Qazlal.
  1576 | D:2      | Killed Sigmund
  1577 | D:2      | Reached skill level 5 in Stealth
  1577 | D:2      | Reached skill level 5 in Hexes
  1577 | D:2      | Reached XP level 4. HP: 23/33 MP: 1/7
  1577 | D:2      | Reached XP level 5. HP: 27/38 MP: 1/8
  1968 | D:2      | Found a runed translucent door.
  1969 | D:2      | Noticed Crazy Yiuf
  2060 | D:2      | Killed Crazy Yiuf
  2271 | D:3      | Noticed Terence
  2279 | D:3      | Killed Terence
  2280 | D:3      | Reached XP level 6. HP: 32/46 MP: 3/10
  3251 | D:4      | Noticed Duvessa
  3251 | D:4      | Noticed Dowan
  3344 | D:4      | Found Ger Gyno's Distillery.
  3365 | D:4      | Slain by a gnoll sergeant

Illustrated notes

Levels and vault maps discovered:
D:1:      onia_arrival_pyramid, layout_basic, serial_forest,
          infiniplex_forest_lined_2, infiniplex_forest_end_2,
          infiniplex_forest_end_double, infiniplex_forest_straight_2,
          infiniplex_forest_end_1, infiniplex_forest_lined_room_2,
          infiniplex_forest_clump_tiny, serial_shops, shop,
          nicolae_shop_pleasant_corner_grove, shop, shop
D:2:      layout_loops_ring, serial_shops, shop, basic_altar,
          minmay_misc_feat_tiny, uniq_crazy_yiuf_cottage, uniq_sigmund
D:3:      layout_basic, serial_co_window_serial, co_window_corner_a,
          co_window_of_opportunity_a, co_window_of_opportunity_a,
          co_window_corner_a, co_window_of_opportunity_a,
          co_window_unsneaky_path_d, co_window_2corner,
          co_window_of_opportunity_b, co_window_corner_b, glass_columns_a,
          glass_columns_b, glass_columns_b, dreamdust_mushroom_princess,
          uniq_terence
D:4:      layout_basic, gup_sewer_entry_spiral, serial_shops, shop,
          kennysheep_generic_room_2, uniq_duvessa

Skill      XL: |  1  2  3 |
---------------+----------+-----
Fighting       | 1 2 |  2.7
Short Blades   | 3 |  3.6
Dodging        | 3 |  3.4
Stealth        | 5 |  5.7
Hexes          | 5 |  5.4
Spellcasting   | |  2.8

Action                     |  1- 3 |  4- 6 || total
---------------------------+-------+-------++-------
  Melee: Dagger            |   160 |    61 ||   221
         Bite              |    22 |     5 ||    27
   Cast: Ensorcelled Hiber |     9 |    20 ||    29
         Confusing Touch   |       |     1 ||     1
    Use: Scroll            |     3 |     7 ||    10
         Potion            |     2 |       ||     2
   Stab: Sleeping          |    11 |    17 ||    28
         Invisible         |     1 |       ||     1
         Confused          |       |     1 ||     1
 Armour: Robe              |    58 |    46 ||   104
  Dodge: Dodged            |    83 |    48 ||   131
  Block: Buckler           |       |     3 ||     3

Table legend: (Time is in decaauts)
 A = Elapsed time spent in this place.
 B = Non-inter-level travel time spent in this place.
 C = Inter-level travel time spent in this place.
 D = Time resting spent in this place.
 E = Time spent auto-exploring this place.
 F = Levels seen in this place.
 G = Mean time per level.
                   A        B        C        D        E       F      G
               +--------+--------+--------+--------+--------+-----+--------+
         Total |   3345 |   3148 |    197 |    234 |   2106 |   4 |  836.2 |
       Dungeon |   3345 |   3148 |    197 |    234 |   2106 |   4 |  836.2 |
               +--------+--------+--------+--------+--------+-----+--------+

Top non-repeatable levels by time:
     D:1: 1167 daAuts
     D:2: 1066 daAuts
     D:3: 1023 daAuts
     D:4: 88 daAuts
